 Dungeon Crawl Stone Soup version 0.31-a0-267-g3fc6992b3b (webtiles) character file.

Game seed: 16569660979509730260

98 qw the Shooter (level 4, -2/36 HPs)
             Began as a Minotaur Hexslinger on July 13, 2023.
             Killed from afar by an orc wizard (11 damage)
             ... with a magic dart
             ... on level 3 of the Dungeon.
             The game lasted 00:00:38 (1831 turns).

qw the Shooter (Minotaur Hexslinger)                Turns: 1831, Time: 00:00:39

Health: -2/36      AC:  6    Str: 13    XL:     4   Next: 43%
Magic:  4/4        EV: 11    Int: 10    God:
Gold:   156        SH:  0    Dex: 14    Spells: 4/5 levels left

rFire   . . .        Y - +1 sling
rCold   . . .        (no shield)
rNeg    . . .        e - +0 ring mail
rPois   .            (helmet restricted)
rElec   .            (no cloak)
rCorr   .            b - +0 pair of gloves
SInv    .            (no boots)
Will    .....        (no amulet)
Stlth   +            (no ring)
HPRegen 0.26/turn    (no ring)
MPRegen 0.09/turn

%: no passive effects
@: no status effects
A: horns 2, retaliatory headbutt
a: no special abilities


You were on level 3 of the Dungeon.
You visited 1 branch of the dungeon, and saw 3 of its levels.

You collected 156 gold pieces.


Innate Abilities, Weirdness & Mutations

You have a pair of horns on your head.
You reflexively headbutt those who attack you in melee.


   Skills:
 - Level 2.0 Fighting
 + Level 4.8 Ranged Weapons
 - Level 1.0 Armour
 - Level 2.1 Dodging
 - Level 1.0 Spellcasting
 - Level 2.0 Hexes


You had 4 spell levels left.
You knew the following spells:

 Your Spells              Type           Power      Damage    Failure   Level
a - Slow                  Hex            16%        N/A       32%         1

Your spell library contained the following spells:

 Spells                   Type           Power      Damage    Failure   Level
 Inner Flame              Hex/Fire       2%         N/A       82%         3
 Portal Projectile        Hex/Tloc       4%         N/A       82%         3
 Cause Fear               Hex            2%         N/A       97%         4

Inventory:

Hand Weapons
 Y - a +1 sling (weapon)
Armour
 b - a +0 pair of gloves (worn)
 e - a +0 ring mail (worn)
Scrolls
 g - a scroll of identify
Potions
 d - a potion of heal wounds
 f - a potion of curing
 i - a potion of brilliance {unknown}

Dungeon Overview and Level Annotations

Branches:
Dungeon (3/15)

Altars:

Shops:
D:2 :

Annotations:
D:3 Sigmund


Message History

The sling bullet hits the orc wizard.
The orc wizard is lightly wounded.
The orc hits you but does no damage. Something hits you but does no damage.
You shoot a sling bullet. The sling bullet hits the orc.
The orc is heavily wounded.
You shoot a sling bullet. The sling bullet hits the orc.
You kill the orc!
You hear some strange, mumbled words.
A puff of flame appears from out of thin air!
The puff of flame misses you. The orc hits you with a +0 club.
The orc wizard casts a spell.
The orc wizard flickers and vanishes!
Something hits you.
You shoot a sling bullet.
The sling bullet closely misses the orc.
The orc hits you but does no damage.
You shoot a sling bullet. The sling bullet hits the orc!
You kill the orc!
Something hits you but does no damage. Something hits you!
Something hits you but does no damage.
You shoot a sling bullet. Something barely misses you.
Something hits you but does no damage.
You shoot a sling bullet.
You hear some strange, mumbled words.
Something hits you.
You shoot a sling bullet. Something hits you.
Something hits you but does no damage.
You shoot a sling bullet.
You hear some strange, mumbled words.
Something tries to affect you, but you resist.
Something hits you. Something hits you but does no damage.
You shoot a sling bullet. Something hits you but does no damage.
You hear some strange, mumbled words.
You shoot a sling bullet. Something hits you but does no damage.
Something hits you!
You shoot a sling bullet.
You hear some strange, mumbled words.
A magic dart appears from out of thin air!
The magic dart hits you!
You die...

#.#.....
#.#.####
###########.#.#
#...........#.#
#.########..#.#
# #.# #..#.#
#.###.# #..#.#
#.....# #..#.#
#.:..@# #..#.#
#...{)# #..#.#
#..{... #..#.#
.........#
#..#.#
~~~~~~~..#
#..#.#
...(......#
#.#.####.##
.~.~~~.~..#
.......<.[#
~.....~..#
#######.###
...#


There were no monsters in sight!

Vanquished Creatures
  Robin (D:2)
  2 adders
  2 dart slugs (D:2)
  2 worms (D:2)
  2 orcs (D:3)
  4 endoplasms
  2 giant cockroaches
  12 goblins
  8 hobgoblins
  4 quokkas
  2 ball pythons (D:2)
  3 bats
  A frilled lizard (D:1)
  3 kobolds
  7 rats
55 creatures vanquished.

Notes
Turn   | Place    | Note
-------+----------+-------------------------------------------
     0 | D:1      | qw the Minotaur Hexslinger began the quest for the Orb.
     0 | D:1      | Reached XP level 1. HP: 16/16 MP: 1/1
     0 | D:1      | 0 ||| qw: Version: 0.3-a-52-g30416fa
     0 | D:1      | 0 ||| qw: Game counter: 7679
     0 | D:1      | 0 ||| qw: Melee chars always use a shield: true
     0 | D:1      | 0 ||| qw: God list: Okawaru
     0 | D:1      | 0 ||| qw: Allow faded altars: false
     0 | D:1      | 0 ||| qw: Do Orc after clearing Dungeon:15 true
     0 | D:1      | 0 ||| qw: Do second Lair branch before Depths: true
     0 | D:1      | 0 ||| qw: Lair rune preference: random
     0 | D:1      | 0 ||| qw: Goals: Normal
     0 | D:1      | 0 ||| PLANNING D:1-11
   243 | D:1      | Reached skill level 3 in Ranged Weapons
   264 | D:1      | Reached XP level 2. HP: 23/23 MP: 2/2
   699 | D:1      | 699 ||| UPGRADING to +0 ring mail.
   709 | D:1      | 709 ||| DROPPING +0 robe.
   710 | D:1      | 710 ||| READING 2 scrolls labelled JAHUFR LUSYPH.
   711 | D:1      | 711 ||| READING 2 scrolls labelled TOMASCH TIUMUI.
   712 | D:1      | 712 ||| READING scroll labelled TYSKUE MIQISTE.
   713 | D:1      | 713 ||| DROPPING scroll of fear.
   714 | D:1      | 714 ||| DROPPING scroll of poison.
   859 | D:2      | Reached XP level 3. HP: 29/29 MP: 3/3
  1037 | D:2      | Found Nysmor's Vocational Training.
  1431 | D:2      | Reached skill level 4 in Ranged Weapons
  1486 | D:2      | Identified the +4 hand axe of Descent {distort, rElec Str+2
                  | Dex+3}
  1499 | D:2      | Noticed Robin
  1504 | D:2      | Reached skill level 1 in Armour
  1509 | D:2      | Reached XP level 4. HP: 34/36 MP: 4/4
  1522 | D:2      | Killed Robin
  1731 | D:2      | 1731 ||| UPGRADING to +0 pair of gloves.
  1736 | D:2      | 1736 ||| DROPPING ring of flight.
  1737 | D:2      | 1737 ||| READING scroll labelled MIAVOT ROKIO.
  1742 | D:2      | 1742 ||| READING scroll labelled RYRIEMEILI.
  1743 | D:2      | 1743 ||| READING 3 scrolls of identify.
  1743 | D:2      | 1743 ||| IDENTIFYING fizzy coppery potion
  1744 | D:2      | 1744 ||| READING 2 scrolls of identify.
  1744 | D:2      | 1744 ||| IDENTIFYING yellow potion
  1815 | D:3      | Noticed Sigmund
  1830 | D:3      | HP: 9/36 [something (10)]
  1831 | D:3      | Killed from afar by an orc wizard

Levels and vault maps discovered:
D:1:      minmay_arrival_cross, layout_basic, grunt_decor_fettered
D:2:      layout_loops_corners, minivault_5, st_stairs_14,
          chequers_serial_rivers_small_a, ebering_dispersal_statue_hall,
          grunt_ministairs_9, nicolae_shop_vocational, uniq_robin
D:3:      layout_basic, mainiacjoe_overflow_cross_hatched, uniq_sigmund

Skill      XL: |  1  2  3 |
---------------+----------+-----
Ranged Weapons | 3 4 |  4.8
Fighting       | 2 |  2.0
Armour         | 1 |  1.0
Dodging        | |  2.1
Spellcasting   | |  1.0
Hexes          | |  2.0

Action                     |  1- 3 |  4- 6 || total
---------------------------+-------+-------++-------
   Fire: Sling             |   113 |    38 ||   151
    Use: Scroll            |     3 |     4 ||     7
 Armour: Ring mail         |    14 |    25 ||    39
  Dodge: Dodged            |    23 |    14 ||    37

Table legend:
 A = Non-vault XP
 B = Vault XP
 C = Vault XP percentage of total XP
 D = Non-vault monster count
 E = Vault monster count
 F = Vault count percentage of total count
                 A         B        C        D         E       F
            +---------+---------+-------+---------+---------+-------
      Total |      90 |      50 |  35.7 |      40 |      15 |  27.3
            +---------+---------+-------+---------+---------+-------
        D:1 |      30 |       0 |   0.0 |      19 |       0 |   0.0
        D:2 |      40 |      50 |  55.6 |      17 |      15 |  46.9
        D:3 |      20 |       0 |   0.0 |       4 |       0 |   0.0
            +---------+---------+-------+---------+---------+-------
